Workbook

Sheet Übersicht
A1: Finanzübersicht
A2: Dashboard: Die Werte werden automatisch aus den Detailblättern übernommen. Nur Zelle B3 kann bei Bedarf angepasst werden.
A3: Stand | B3: 46092
A5: Gesamtvermögen | E5: Verbindlichkeiten | I5: Nettovermögen
A6: =SUM(B11:B16) -> 119881.55 | E6: =ABS(B17) -> 12300 | I6: =SUM(B11:B16)+B17 -> 107581.55
A10: Kategorie | B10: Betrag | C10: Anteil an Aktiva
A11: Konten | B11: =Konten!D36 -> 29826.2 | C11: =IF($B$18>0,B11/$B$18,0) -> 0.24879725
A12: Wertpapiere | B12: =Wertpapiere!G31 -> 10316.85 | C12: =IF($B$18>0,B12/$B$18,0) -> 0.086058697
A13: Edelmetalle | B13: =Edelmetalle!E28 -> 17278.5 | C13: =IF($B$18>0,B13/$B$18,0) -> 0.14412977
A14: Immobilien | B14: =Immobilien!H31 -> 0 | C14: =IF($B$18>0,B14/$B$18,0) -> 0
A15: Krypto | B15: =Krypto!E31 -> 51800 | C15: =IF($B$18>0,B15/$B$18,0) -> 0.43209318
A16: Sonstige Vermögenswerte | B16: ='Sonstige Vermögenswerte'!F31 -> 10660 | C16: =IF($B$18>0,B16/$B$18,0) -> 0.088921106
A17: Kredite | B17: =Kredite!F31 -> -12300
A18: Aktiva gesamt | B18: =SUM(B11:B16) -> 119881.55
A19: Nettovermögen | B19: =B18+B17 -> 107581.55

Sheet Konten
A1: Konten
A2: Nur Eingabezellen ausfüllen. Der Gesamtwert wird automatisch berechnet.
A4: Kontoart | B4: Institut | C4: Bezeichnung | D4: Saldo aktuell | E4: Notiz
A5: Girokonto | B5: DKB | C5: Hauptkonto | D5: 4250.4 | E5: Monatliche Ein- und Ausgänge
A6: Tagesgeld | B6: ING | C6: Notgroschen | D6: 15000 | E6: Sicherheitsreserve
A7: Festgeld | B7: Sparkasse | C7: 12 Monate | D7: 8000 | E7: Läuft bis Dezember
A8: Bargeld | B8: Zuhause | C8: Hauskasse | D8: 350 | E8: Kleine Reserve
A9: PayPal | B9: PayPal | C9: PayPal-Guthaben | D9: 125.8 | E9: Online-Zahlungen
A10: Broker-Verrechnungskonto | B10: Scalable Capital | C10: Broker-Cash | D10: 2100 | E10: Für Nachkäufe
C36: Summe | D36: =SUM(D5:D34) -> 29826.2

Sheet Wertpapiere
A1: Wertpapiere
A2: Kurse und Stückzahlen manuell eintragen. Marktwert, Einstandswert und Gewinn/Verlust werden automatisch berechnet.
A4: Depot | B4: Anlageart | C4: Titel | D4: Ticker / ISIN | E4: Stück | F4: Aktueller Kurs | G4: Marktwert | H4: Kaufkurs je Stück | I4: Einstandswert | J4: Gewinn / Verlust | K4: Rendite %
A5: Scalable Capital | B5: ETF | C5: iShares Core MSCI World | D5: IE00B4L5Y983 | E5: 45 | F5: 102.35 | G5: =IF(AND(E5<>"",F5<>""),E5*F5,0) -> 4605.75 | H5: 81.2 | I5: =IF(AND(E5<>"",H5<>""),E5*H5,0) -> 3654 | J5: =G5-I5 -> 951.75 | K5: =IF(I5>0,J5/I5,0) -> 0.26046798
A6: Scalable Capital | B6: ETF | C6: Xtrackers Stoxx Europe 600 | D6: LU0908500753 | E6: 30 | F6: 52.1 | G6: =IF(AND(E6<>"",F6<>""),E6*F6,0) -> 1563 | H6: 46.85 | I6: =IF(AND(E6<>"",H6<>""),E6*H6,0) -> 1405.5 | J6: =G6-I6 -> 157.5 | K6: =IF(I6>0,J6/I6,0) -> 0.11205977
A7: comdirect | B7: Aktie | C7: Apple | D7: AAPL | E7: 12 | F7: 181.4 | G7: =IF(AND(E7<>"",F7<>""),E7*F7,0) -> 2176.8 | H7: 154.8 | I7: =IF(AND(E7<>"",H7<>""),E7*H7,0) -> 1857.6 | J7: =G7-I7 -> 319.2 | K7: =IF(I7>0,J7/I7,0) -> 0.17183463
A8: comdirect | B8: Aktie | C8: BASF | D8: BAS | E8: 25 | F8: 47.3 | G8: =IF(AND(E8<>"",F8<>""),E8*F8,0) -> 1182.5 | H8: 43.1 | I8: =IF(AND(E8<>"",H8<>""),E8*H8,0) -> 1077.5 | J8: =G8-I8 -> 105 | K8: =IF(I8>0,J8/I8,0) -> 0.097447796
A9: Trade Republic | B9: Anleihe | C9: Bundesanleihe 2031 | D9: DE0001102531 | E9: 8 | F9: 98.6 | G9: =IF(AND(E9<>"",F9<>""),E9*F9,0) -> 788.8 | H9: 96.2 | I9: =IF(AND(E9<>"",H9<>""),E9*H9,0) -> 769.6 | J9: =G9-I9 -> 19.2 | K9: =IF(I9>0,J9/I9,0) -> 0.024948025
G10: =IF(AND(E10<>"",F10<>""),E10*F10,0) -> 0 | I10: =IF(AND(E10<>"",H10<>""),E10*H10,0) -> 0 | J10: =G10-I10 -> 0 | K10: =IF(I10>0,J10/I10,0) -> 0
G11: =IF(AND(E11<>"",F11<>""),E11*F11,0) -> 0 | I11: =IF(AND(E11<>"",H11<>""),E11*H11,0) -> 0 | J11: =G11-I11 -> 0 | K11: =IF(I11>0,J11/I11,0) -> 0
G12: =IF(AND(E12<>"",F12<>""),E12*F12,0) -> 0 | I12: =IF(AND(E12<>"",H12<>""),E12*H12,0) -> 0 | J12: =G12-I12 -> 0 | K12: =IF(I12>0,J12/I12,0) -> 0
G13: =IF(AND(E13<>"",F13<>""),E13*F13,0) -> 0 | I13: =IF(AND(E13<>"",H13<>""),E13*H13,0) -> 0 | J13: =G13-I13 -> 0 | K13: =IF(I13>0,J13/I13,0) -> 0
G14: =IF(AND(E14<>"",F14<>""),E14*F14,0) -> 0 | I14: =IF(AND(E14<>"",H14<>""),E14*H14,0) -> 0 | J14: =G14-I14 -> 0 | K14: =IF(I14>0,J14/I14,0) -> 0
G15: =IF(AND(E15<>"",F15<>""),E15*F15,0) -> 0 | I15: =IF(AND(E15<>"",H15<>""),E15*H15,0) -> 0 | J15: =G15-I15 -> 0 | K15: =IF(I15>0,J15/I15,0) -> 0
G16: =IF(AND(E16<>"",F16<>""),E16*F16,0) -> 0 | I16: =IF(AND(E16<>"",H16<>""),E16*H16,0) -> 0 | J16: =G16-I16 -> 0 | K16: =IF(I16>0,J16/I16,0) -> 0
G17: =IF(AND(E17<>"",F17<>""),E17*F17,0) -> 0 | I17: =IF(AND(E17<>"",H17<>""),E17*H17,0) -> 0 | J17: =G17-I17 -> 0 | K17: =IF(I17>0,J17/I17,0) -> 0
G18: =IF(AND(E18<>"",F18<>""),E18*F18,0) -> 0 | I18: =IF(AND(E18<>"",H18<>""),E18*H18,0) -> 0 | J18: =G18-I18 -> 0 | K18: =IF(I18>0,J18/I18,0) -> 0
G19: =IF(AND(E19<>"",F19<>""),E19*F19,0) -> 0 | I19: =IF(AND(E19<>"",H19<>""),E19*H19,0) -> 0 | J19: =G19-I19 -> 0 | K19: =IF(I19>0,J19/I19,0) -> 0
G20: =IF(AND(E20<>"",F20<>""),E20*F20,0) -> 0 | I20: =IF(AND(E20<>"",H20<>""),E20*H20,0) -> 0 | J20: =G20-I20 -> 0 | K20: =IF(I20>0,J20/I20,0) -> 0
G21: =IF(AND(E21<>"",F21<>""),E21*F21,0) -> 0 | I21: =IF(AND(E21<>"",H21<>""),E21*H21,0) -> 0 | J21: =G21-I21 -> 0 | K21: =IF(I21>0,J21/I21,0) -> 0
... G29: =IF(AND(E29<>"",F29<>""),E29*F29,0) -> 0 | I29: =IF(AND(E29<>"",H29<>""),E29*H29,0) -> 0 | J29: =G29-I29 -> 0 | K29: =IF(I29>0,J29/I29,0) -> 0
F31: Summen | G31: =SUM(G5:G29) -> 10316.85 | I31: =SUM(I5:I29) -> 8764.2 | J31: =SUM(J5:J29) -> 1552.65

Sheet Edelmetalle
A1: Edelmetalle
A2: Gold- und Silberpreise oben eintragen. Die Tabelle berechnet den Wert je Position automatisch.
A3: Goldpreis je Unze | B3: 2155 | D3: Silberpreis je Unze | E3: 24.8
A6: Metall | B6: Verwahrungsort | C6: Unzen | D6: Preis pro Unze | E6: Wert | F6: Notiz
A7: Gold | B7: Bankschließfach | C7: 5 | D7: =IF(A7="Gold",$B$3,IF(A7="Silber",$E$3,0)) -> 2155 | E7: =IF(C7<>"",C7*D7,0) -> 10775 | F7: 5 Krügerrand
A8: Gold | B8: Externer Verwahrer | C8: 2.5 | D8: =IF(A8="Gold",$B$3,IF(A8="Silber",$E$3,0)) -> 2155 | E8: =IF(C8<>"",C8*D8,0) -> 5387.5 | F8: Goldsparplan
A9: Silber | B9: Tresor | C9: 30 | D9: =IF(A9="Gold",$B$3,IF(A9="Silber",$E$3,0)) -> 24.8 | E9: =IF(C9<>"",C9*D9,0) -> 744 | F9: Silbermünzen
A10: Silber | B10: Zuhause | C10: 15 | D10: =IF(A10="Gold",$B$3,IF(A10="Silber",$E$3,0)) -> 24.8 | E10: =IF(C10<>"",C10*D10,0) -> 372 | F10: Barren
D11: =IF(A11="Gold",$B$3,IF(A11="Silber",$E$3,0)) -> 0 | E11: =IF(C11<>"",C11*D11,0) -> 0
D12: =IF(A12="Gold",$B$3,IF(A12="Silber",$E$3,0)) -> 0 | E12: =IF(C12<>"",C12*D12,0) -> 0
D13: =IF(A13="Gold",$B$3,IF(A13="Silber",$E$3,0)) -> 0 | E13: =IF(C13<>"",C13*D13,0) -> 0
D14: =IF(A14="Gold",$B$3,IF(A14="Silber",$E$3,0)) -> 0 | E14: =IF(C14<>"",C14*D14,0) -> 0
D15: =IF(A15="Gold",$B$3,IF(A15="Silber",$E$3,0)) -> 0 | E15: =IF(C15<>"",C15*D15,0) -> 0
D16: =IF(A16="Gold",$B$3,IF(A16="Silber",$E$3,0)) -> 0 | E16: =IF(C16<>"",C16*D16,0) -> 0
D17: =IF(A17="Gold",$B$3,IF(A17="Silber",$E$3,0)) -> 0 | E17: =IF(C17<>"",C17*D17,0) -> 0
D18: =IF(A18="Gold",$B$3,IF(A18="Silber",$E$3,0)) -> 0 | E18: =IF(C18<>"",C18*D18,0) -> 0
D19: =IF(A19="Gold",$B$3,IF(A19="Silber",$E$3,0)) -> 0 | E19: =IF(C19<>"",C19*D19,0) -> 0
D20: =IF(A20="Gold",$B$3,IF(A20="Silber",$E$3,0)) -> 0 | E20: =IF(C20<>"",C20*D20,0) -> 0
D21: =IF(A21="Gold",$B$3,IF(A21="Silber",$E$3,0)) -> 0 | E21: =IF(C21<>"",C21*D21,0) -> 0
D22: =IF(A22="Gold",$B$3,IF(A22="Silber",$E$3,0)) -> 0 | E22: =IF(C22<>"",C22*D22,0) -> 0
... D26: =IF(A26="Gold",$B$3,IF(A26="Silber",$E$3,0)) -> 0 | E26: =IF(C26<>"",C26*D26,0) -> 0
D28: Gesamt | E28: =SUM(E7:E26) -> 17278.5

Sheet Immobilien
A1: Immobilien
A2: Immobilienwerte und zugehörige Belastungen eintragen. Der Nettovermögenswert wird automatisch berechnet.
A4: Art | B4: Adresse | C4: Marktwert aktuell | D4: Hypothek 1 | E4: Hypothek 2 | F4: Bereits getilgt 1 | G4: Bereits getilgt 2 | H4: Nettovermögenswert | I4: Notiz
A5: Wohnung | B5: Berlin, Prenzlauer Berg | C5: 420000 | D5: 180000 | E5: 0 | F5: 40000 | G5: 0 | H5: Vermietet
A6: Haus | B6: Leipzig, Südvorstadt | C6: 560000 | D6: 220000 | E6: 35000 | F6: 60000 | G6: 10000 | H6: Eigennutzung
H7: =C7-D7-E7+F7+G7 -> 0
H8: =C8-D8-E8+F8+G8 -> 0
H9: =C9-D9-E9+F9+G9 -> 0
H10: =C10-D10-E10+F10+G10 -> 0
H11: =C11-D11-E11+F11+G11 -> 0
H12: =C12-D12-E12+F12+G12 -> 0
H13: =C13-D13-E13+F13+G13 -> 0
H14: =C14-D14-E14+F14+G14 -> 0
H15: =C15-D15-E15+F15+G15 -> 0
H16: =C16-D16-E16+F16+G16 -> 0
H17: =C17-D17-E17+F17+G17 -> 0
H18: =C18-D18-E18+F18+G18 -> 0
... H29: =C29-D29-E29+F29+G29 -> 0
G31: Gesamt | H31: =SUM(H5:H29) -> 0

Sheet Krypto
A1: Krypto
A2: Krypto-Bestände manuell pflegen. Marktwert, Einstandswert und Performance werden automatisch berechnet.
A4: Plattform | B4: Coin | C4: Menge | D4: Aktueller Kurs | E4: Marktwert | F4: Kaufkurs je Einheit | G4: Einstandswert | H4: Gewinn / Verlust | I4: Rendite % | J4: Wallet / Notiz
A5: Bitpanda | B5: Bitcoin | C5: 0.55 | D5: 59800 | E5: =IF(AND(C5<>"",D5<>""),C5*D5,0) -> 32890 | F5: 31200 | G5: =IF(AND(C5<>"",F5<>""),C5*F5,0) -> 17160 | H5: =E5-G5 -> 15730 | I5: =IF(G5>0,H5/G5,0) -> 0.91666667 | J5: Langfristig
A6: Bitpanda | B6: Ethereum | C6: 4.2 | D6: 3150 | E6: =IF(AND(C6<>"",D6<>""),C6*D6,0) -> 13230 | F6: 2100 | G6: =IF(AND(C6<>"",F6<>""),C6*F6,0) -> 8820 | H6: =E6-G6 -> 4410 | I6: =IF(G6>0,H6/G6,0) -> 0.5 | J6: Staking
A7: Binance | B7: Solana | C7: 40 | D7: 142 | E7: =IF(AND(C7<>"",D7<>""),C7*D7,0) -> 5680 | F7: 98 | G7: =IF(AND(C7<>"",F7<>""),C7*F7,0) -> 3920 | H7: =E7-G7 -> 1760 | I7: =IF(G7>0,H7/G7,0) -> 0.44897959 | J7: Trading-Position
E8: =IF(AND(C8<>"",D8<>""),C8*D8,0) -> 0 | G8: =IF(AND(C8<>"",F8<>""),C8*F8,0) -> 0 | H8: =E8-G8 -> 0 | I8: =IF(G8>0,H8/G8,0) -> 0
E9: =IF(AND(C9<>"",D9<>""),C9*D9,0) -> 0 | G9: =IF(AND(C9<>"",F9<>""),C9*F9,0) -> 0 | H9: =E9-G9 -> 0 | I9: =IF(G9>0,H9/G9,0) -> 0
E10: =IF(AND(C10<>"",D10<>""),C10*D10,0) -> 0 | G10: =IF(AND(C10<>"",F10<>""),C10*F10,0) -> 0 | H10: =E10-G10 -> 0 | I10: =IF(G10>0,H10/G10,0) -> 0
E11: =IF(AND(C11<>"",D11<>""),C11*D11,0) -> 0 | G11: =IF(AND(C11<>"",F11<>""),C11*F11,0) -> 0 | H11: =E11-G11 -> 0 | I11: =IF(G11>0,H11/G11,0) -> 0
E12: =IF(AND(C12<>"",D12<>""),C12*D12,0) -> 0 | G12: =IF(AND(C12<>"",F12<>""),C12*F12,0) -> 0 | H12: =E12-G12 -> 0 | I12: =IF(G12>0,H12/G12,0) -> 0
E13: =IF(AND(C13<>"",D13<>""),C13*D13,0) -> 0 | G13: =IF(AND(C13<>"",F13<>""),C13*F13,0) -> 0 | H13: =E13-G13 -> 0 | I13: =IF(G13>0,H13/G13,0) -> 0
E14: =IF(AND(C14<>"",D14<>""),C14*D14,0) -> 0 | G14: =IF(AND(C14<>"",F14<>""),C14*F14,0) -> 0 | H14: =E14-G14 -> 0 | I14: =IF(G14>0,H14/G14,0) -> 0
E15: =IF(AND(C15<>"",D15<>""),C15*D15,0) -> 0 | G15: =IF(AND(C15<>"",F15<>""),C15*F15,0) -> 0 | H15: =E15-G15 -> 0 | I15: =IF(G15>0,H15/G15,0) -> 0
E16: =IF(AND(C16<>"",D16<>""),C16*D16,0) -> 0 | G16: =IF(AND(C16<>"",F16<>""),C16*F16,0) -> 0 | H16: =E16-G16 -> 0 | I16: =IF(G16>0,H16/G16,0) -> 0
E17: =IF(AND(C17<>"",D17<>""),C17*D17,0) -> 0 | G17: =IF(AND(C17<>"",F17<>""),C17*F17,0) -> 0 | H17: =E17-G17 -> 0 | I17: =IF(G17>0,H17/G17,0) -> 0
E18: =IF(AND(C18<>"",D18<>""),C18*D18,0) -> 0 | G18: =IF(AND(C18<>"",F18<>""),C18*F18,0) -> 0 | H18: =E18-G18 -> 0 | I18: =IF(G18>0,H18/G18,0) -> 0
E19: =IF(AND(C19<>"",D19<>""),C19*D19,0) -> 0 | G19: =IF(AND(C19<>"",F19<>""),C19*F19,0) -> 0 | H19: =E19-G19 -> 0 | I19: =IF(G19>0,H19/G19,0) -> 0
... E29: =IF(AND(C29<>"",D29<>""),C29*D29,0) -> 0 | G29: =IF(AND(C29<>"",F29<>""),C29*F29,0) -> 0 | H29: =E29-G29 -> 0 | I29: =IF(G29>0,H29/G29,0) -> 0
D31: Gesamt | E31: =SUM(E5:E29) -> 51800 | G31: =SUM(G5:G29) -> 29900 | H31: =SUM(H5:H29) -> 21900

Sheet Sonstige Vermögenswerte
A1: Sonstige Vermögenswerte
A2: Hier werden Sachwerte und sonstige Vermögenswerte erfasst. Keine doppelten Einträge zu Edelmetallen oder Immobilien.
A4: Kategorie | B4: Beschreibung | C4: Ort / Aufbewahrung | D4: Menge | E4: Aktueller Wert je Einheit | F4: Gesamtwert | G4: Kaufpreis je Einheit | H4: Einstandswert | I4: Gewinn / Verlust | J4: Notiz
A5: Uhr | B5: Omega Speedmaster | C5: Tresor | D5: 1 | E5: 6200 | F5: =IF(AND(D5<>"",E5<>""),D5*E5,0) -> 6200 | G5: 4800 | H5: =IF(AND(D5<>"",G5<>""),D5*G5,0) -> 4800 | I5: =F5-H5 -> 1400 | J5: Sammlerwert
A6: Kunst | B6: Lithografie | C6: Wohnzimmer | D6: 1 | E6: 1800 | F6: =IF(AND(D6<>"",E6<>""),D6*E6,0) -> 1800 | G6: 1500 | H6: =IF(AND(D6<>"",G6<>""),D6*G6,0) -> 1500 | I6: =F6-H6 -> 300
A7: Whiskey | B7: Macallan 18 | C7: Keller | D7: 3 | E7: 420 | F7: =IF(AND(D7<>"",E7<>""),D7*E7,0) -> 1260 | G7: 290 | H7: =IF(AND(D7<>"",G7<>""),D7*G7,0) -> 870 | I7: =F7-H7 -> 390
A8: Schmuck | B8: Goldarmband | C8: Bankschließfach | D8: 1 | E8: 1400 | F8: =IF(AND(D8<>"",E8<>""),D8*E8,0) -> 1400 | G8: 1100 | H8: =IF(AND(D8<>"",G8<>""),D8*G8,0) -> 1100 | I8: =F8-H8 -> 300
F9: =IF(AND(D9<>"",E9<>""),D9*E9,0) -> 0 | H9: =IF(AND(D9<>"",G9<>""),D9*G9,0) -> 0 | I9: =F9-H9 -> 0
F10: =IF(AND(D10<>"",E10<>""),D10*E10,0) -> 0 | H10: =IF(AND(D10<>"",G10<>""),D10*G10,0) -> 0 | I10: =F10-H10 -> 0
F11: =IF(AND(D11<>"",E11<>""),D11*E11,0) -> 0 | H11: =IF(AND(D11<>"",G11<>""),D11*G11,0) -> 0 | I11: =F11-H11 -> 0
F12: =IF(AND(D12<>"",E12<>""),D12*E12,0) -> 0 | H12: =IF(AND(D12<>"",G12<>""),D12*G12,0) -> 0 | I12: =F12-H12 -> 0
F13: =IF(AND(D13<>"",E13<>""),D13*E13,0) -> 0 | H13: =IF(AND(D13<>"",G13<>""),D13*G13,0) -> 0 | I13: =F13-H13 -> 0
F14: =IF(AND(D14<>"",E14<>""),D14*E14,0) -> 0 | H14: =IF(AND(D14<>"",G14<>""),D14*G14,0) -> 0 | I14: =F14-H14 -> 0
F15: =IF(AND(D15<>"",E15<>""),D15*E15,0) -> 0 | H15: =IF(AND(D15<>"",G15<>""),D15*G15,0) -> 0 | I15: =F15-H15 -> 0
F16: =IF(AND(D16<>"",E16<>""),D16*E16,0) -> 0 | H16: =IF(AND(D16<>"",G16<>""),D16*G16,0) -> 0 | I16: =F16-H16 -> 0
F17: =IF(AND(D17<>"",E17<>""),D17*E17,0) -> 0 | H17: =IF(AND(D17<>"",G17<>""),D17*G17,0) -> 0 | I17: =F17-H17 -> 0
F18: =IF(AND(D18<>"",E18<>""),D18*E18,0) -> 0 | H18: =IF(AND(D18<>"",G18<>""),D18*G18,0) -> 0 | I18: =F18-H18 -> 0
F19: =IF(AND(D19<>"",E19<>""),D19*E19,0) -> 0 | H19: =IF(AND(D19<>"",G19<>""),D19*G19,0) -> 0 | I19: =F19-H19 -> 0
F20: =IF(AND(D20<>"",E20<>""),D20*E20,0) -> 0 | H20: =IF(AND(D20<>"",G20<>""),D20*G20,0) -> 0 | I20: =F20-H20 -> 0
... F29: =IF(AND(D29<>"",E29<>""),D29*E29,0) -> 0 | H29: =IF(AND(D29<>"",G29<>""),D29*G29,0) -> 0 | I29: =F29-H29 -> 0
E31: Gesamt | F31: =SUM(F5:F29) -> 10660 | H31: =SUM(H5:H29) -> 8270 | I31: =SUM(I5:I29) -> 2390

Sheet Kredite
A1: Kredite
A2: Nur Verbindlichkeiten erfassen, die nicht bereits in der Immobilienbewertung gegengerechnet wurden.
A4: Institut | B4: Zweck | C4: Ursprünglicher Betrag | D4: Bereits getilgt | E4: Restschuld | F4: Auswirkung aufs Nettovermögen | G4: Notiz
A5: Sparkasse | B5: Autokredit | C5: 18000 | D5: 12500 | E5: =MAX(C5-D5,0) -> 5500 | F5: =-E5 -> -5500 | G5: Restlaufzeit 14 Monate
A6: KfW | B6: Studienkredit | C6: 12000 | D6: 7000 | E6: =MAX(C6-D6,0) -> 5000 | F6: =-E6 -> -5000 | G6: Niedriger Zinssatz
A7: Visa | B7: Kreditkarte | C7: 2200 | D7: 400 | E7: =MAX(C7-D7,0) -> 1800 | F7: =-E7 -> -1800 | G7: Kurzfristig ausgleichen
E8: =MAX(C8-D8,0) -> 0 | F8: =-E8 -> 0
E9: =MAX(C9-D9,0) -> 0 | F9: =-E9 -> 0
E10: =MAX(C10-D10,0) -> 0 | F10: =-E10 -> 0
E11: =MAX(C11-D11,0) -> 0 | F11: =-E11 -> 0
E12: =MAX(C12-D12,0) -> 0 | F12: =-E12 -> 0
E13: =MAX(C13-D13,0) -> 0 | F13: =-E13 -> 0
E14: =MAX(C14-D14,0) -> 0 | F14: =-E14 -> 0
E15: =MAX(C15-D15,0) -> 0 | F15: =-E15 -> 0
E16: =MAX(C16-D16,0) -> 0 | F16: =-E16 -> 0
E17: =MAX(C17-D17,0) -> 0 | F17: =-E17 -> 0
E18: =MAX(C18-D18,0) -> 0 | F18: =-E18 -> 0
E19: =MAX(C19-D19,0) -> 0 | F19: =-E19 -> 0
... E29: =MAX(C29-D29,0) -> 0 | F29: =-E29 -> 0
E31: Gesamt | F31: =SUM(F5:F29) -> -12300
